 Dungeon Crawl Stone Soup version 0.31.0-11-ge490571c62 (webtiles) character file.

Game seed: 7684393911880568441

90 qw the Shooter (level 4, -1/22 HPs)
             Began as a Spriggan Hunter on Feb 3, 2024.
             Incinerated by a bombardier beetle (6 damage)
             ... with a burning spray
             ... on level 3 of the Dungeon.
             The game lasted 00:00:04 (1595 turns).

qw the Shooter (Spriggan Hunter)                    Turns: 1595, Time: 00:00:05

Health: -1/22      AC:  3    Str:  5 (7)  XL:     4   Next: 32%
Magic:  5/5        EV: 19    Int:  9 (10) God:
Gold:   123        SH:  0    Dex: 19 (20) Spells: 3/3 levels left

rFire   . . .        a - +0 shortbow
rCold   . . .        (shield currently unavailable)
rNeg    . . .        c - +0 robe
rPois   .            (helmet restricted)
rElec   .            d - +0 cloak
rCorr   .            (gloves unavailable)
SInv    +            (boots unavailable)
Will    .....        (no amulet)
Stlth   +            (no ring)
HPRegen 0.23/turn    (no ring)
MPRegen 0.09/turn

%: no passive effects
@: on fire, glowing, very quick
A: very small, no large weapons, unfitting armour, see invisible, speed 3
a: no special abilities


You were on level 3 of the Dungeon.
You visited 1 branch of the dungeon, and saw 3 of its levels.

You collected 123 gold pieces.


Innate Abilities, Weirdness & Mutations

You are very small and have problems with some larger weapons.
You are too small for most types of armour.
You have supernaturally acute eyesight. (SInv)
You cover ground extremely quickly. (Speed+++)


   Skills:
 - Level 1.5 Fighting
 - Level 5.0 Ranged Weapons
 + Level 4.6 Dodging
 - Level 1.5 Stealth


You had 3 spell levels left.
You didn't know any spells.
Your spell library was empty.

Inventory:

Hand Weapons
 a - a +0 shortbow (weapon)
Armour
 c - a +0 robe (worn)
 d - a +0 cloak (worn)
Wands
 b - a wand of flame (19)
Scrolls
 e - 2 scrolls of identify
Potions
 f - a potion of curing

Dungeon Overview and Level Annotations

Branches:
Dungeon (3/15)

Altars:


Message History

You feel very sick.
You feel your intelligence returning.
You start resting.
You feel sick.
An endoplasm comes into view.
You shoot an arrow. The arrow hits the endoplasm.
The endoplasm is severely wounded.
You feel sick.
The endoplasm hits you but does no damage.
You shoot an arrow. The arrow hits the endoplasm!
You kill the endoplasm!
You feel sick.
You start resting.
You feel sick. x4
You are no longer poisoned.
HP restored.
Things that are here:
a +2 dagger of venom; a kobold corpse A bombardier beetle comes into view.
You shoot an arrow. The arrow hits the bombardier beetle.
The bombardier beetle is lightly wounded.
You shoot an arrow.
The arrow hits the bombardier beetle but does no damage.
The bombardier beetle is lightly wounded.
The bombardier beetle sprays incendiary fluid at you.
The burning spray hits you.
You are covered in liquid fire!
You shoot an arrow. The arrow hits the bombardier beetle.
The bombardier beetle is moderately wounded.
The liquid fire burns you!
You shoot an arrow.
The arrow closely misses the bombardier beetle.
The liquid fire burns you!
You shoot an arrow.
The arrow barely misses the bombardier beetle.
The liquid fire burns you!
You shoot an arrow. The arrow hits the bombardier beetle.
The bombardier beetle is heavily wounded.
The liquid fire burns you!
You die...

#########.#
........#.#
........%.#
#######.###
#
#####.#.##.#
#....###)..#
###.#.####
##.## #@#
.....B..#
#########


You could see a bombardier beetle.

Vanquished Creatures
  5 adders
  4 ball pythons
  4 bats
  4 endoplasms
  7 giant cockroaches
  3 goblins (D:1)
  4 hobgoblins
  2 quokkas
  A frilled lizard (D:2)
  4 kobolds
  A rat (D:2)
39 creatures vanquished.

Notes
Turn   | Place    | Note
-------+----------+-------------------------------------------
     0 | D:1      | qw the Spriggan Hunter began the quest for the Orb.
     0 | D:1      | Reached XP level 1. HP: 10/10 MP: 2/2
     0 | D:1      | 0 ||| qw: Version: 0.3-a-157-g843a77d
     0 | D:1      | 0 ||| qw: Game counter: 3972
     0 | D:1      | 0 ||| qw: Melee chars always use a shield: true
     0 | D:1      | 0 ||| qw: God list: Okawaru
     0 | D:1      | 0 ||| qw: Allow faded altars: false
     0 | D:1      | 0 ||| qw: Do Orc after clearing Dungeon:15 true
     0 | D:1      | 0 ||| qw: Do second Lair branch before Depths: true
     0 | D:1      | 0 ||| qw: Lair rune preference: random
     0 | D:1      | 0 ||| qw: Goals: Normal
     0 | D:1      | 0 ||| PLANNING D:1-11
    64 | D:1      | Reached skill level 3 in Dodging
   159 | D:1      | Reached XP level 2. HP: 14/14 MP: 3/3
   683 | D:1      | 683 ||| READING scroll labelled BEITER ZIOL.
   684 | D:1      | 684 ||| READING scroll labelled MIVOYHAINU.
   685 | D:1      | 685 ||| READING scroll labelled NASEAG VOLU.
   686 | D:1      | 686 ||| DRINKING 2 fuming green potions.
   687 | D:1      | 687 ||| DRINKING murky orange potion.
   688 | D:1      | 688 ||| DRINKING bubbling coppery potion.
   689 | D:1      | 689 ||| DRINKING purple potion.
   718 | D:1      | 718 ||| DROPPING scroll of butterflies.
   719 | D:1      | 719 ||| DROPPING potion of ambrosia.
   776 | D:2      | Reached XP level 3. HP: 18/18 MP: 4/4
  1009 | D:2      | Reached skill level 5 in Ranged Weapons
  1249 | D:2      | Reached XP level 4. HP: 22/22 MP: 5/5
  1450 | D:2      | 1450 ||| UPGRADING to +0 cloak.
  1455 | D:2      | 1455 ||| READING 3 scrolls labelled GUCETOSEN.
  1455 | D:2      | 1455 ||| IDENTIFYING orange potion
  1594 | D:3      | HP: 4/22 [burnt (8)]
  1595 | D:3      | Incinerated by a bombardier beetle

Levels and vault maps discovered:
D:1:      nicolae_arrival_memento_mori, layout_loops_cross, lemuel_flame_loot_1
D:2:      layout_loops_ring, skrybe_limestone_x
D:3:      minmay_diamond_boxcup, layout_loops_ring, uniq_ijyb, uniq_pargi

Skill      XL: |  1  2  3 |
---------------+----------+-----
Dodging        | 3 4 |  4.6
Ranged Weapons | 5 |  5.0
Fighting       | |  1.5
Stealth        | |  1.5

Action                     |  1- 3 |  4- 6 || total
---------------------------+-------+-------++-------
   Fire: Shortbow          |    95 |    27 ||   122
    Use: Potion            |     4 |       ||     4
         Scroll            |     3 |     1 ||     4
 Armour: Robe              |     5 |     6 ||    11
  Dodge: Dodged            |    30 |     7 ||    37

Table legend:
 A = Non-vault XP
 B = Vault XP
 C = Vault XP percentage of total XP
 D = Non-vault monster count
 E = Vault monster count
 F = Vault count percentage of total count
                 A         B        C        D         E       F
            +---------+---------+-------+---------+---------+-------
      Total |     129 |       0 |   0.0 |      39 |       0 |   0.0
            +---------+---------+-------+---------+---------+-------
        D:1 |      31 |       0 |   0.0 |      16 |       0 |   0.0
        D:2 |      81 |       0 |   0.0 |      20 |       0 |   0.0
        D:3 |      17 |       0 |   0.0 |       3 |       0 |   0.0
            +---------+---------+-------+---------+---------+-------
